 Dungeon Crawl Stone Soup version 0.14-a0-2374-ge879b5e (webtiles) character file.

894 Kae the Cudgeler (level 7, -1/34 HPs)
             Began as a Vine Stalker Skald on Feb 1, 2014.
             Was an Initiate of Okawaru.
             Slain by a troll (9 damage)
             ... on Level 5 of the Dungeon.
             The game lasted 00:06:54 (3943 turns).

Kae the Cudgeler (Vine Stalker Skald)               Turns: 3943, Time: 00:06:54

HP  -1/34        AC  6     Str 16      XL: 7   Next: 76%
MP   0/14        EV 10     Int 12      God: Okawaru [......]
Gold 151         SH  0     Dex 14      Spells:  3 memorised,  5 levels left

rFire  . . .     SeeInvis .     a - +1,+0 mace
rCold  . . .     Clarity  .     b - +0 leather armour
rNeg   . . .     Conserve .     (no shield)
rPois  .         rCorr    .     (no helmet)
rElec  .         rRot     +     (no cloak)
SustAb . .       Spirit   +     (no gloves)
rMut   .         Warding  .     t - +2 pair of boots
Saprov . . .     Stasis   .     (no amulet)
MR     .....                    (no ring)
                                (no ring)

@: not resistant to hostile enchantments, unstealthy
A: fangs 2, regeneration 2, magic shield, antimagic bite, no device heal
a: Renounce Religion


You were on level 5 of the Dungeon.
You worshipped Okawaru.
Okawaru was noncommittal.
You were very hungry.

You visited 1 branch of the dungeon, and saw 5 of its levels.

You collected 151 gold pieces.

Inventory:

Hand weapons
 a - a +1,+0 mace (weapon)
Armour
 b - a +0 leather armour (worn)
 t - a +2 pair of boots (worn)
Magical devices
 p - a wand of magic darts (7)
 x - a wand of teleportation (1)
Comestibles
 d - 4 bread rations
 h - 3 meat rations
 z - a pear
 A - 2 apples
Scrolls
 g - 2 scrolls of curse armour {unknown}
 i - 2 scrolls of remove curse {unknown}
 k - 2 scrolls of curse weapon {unknown}
 l - 2 scrolls of teleportation {unknown}
 m - 2 scrolls of enchant weapon II {unknown}
 n - 4 scrolls of fear {unknown}
 y - a scroll of immolation {unknown}
Jewellery
 s - an uncursed ring of sustenance {unknown}
Potions
 e - 2 potions of curing {unknown}
 f - 2 potions of degeneration {unknown}
 j - a potion of speed {unknown}
 o - a potion of magic {unknown}
 q - a potion of heal wounds {unknown}
 u - a potion of agility {unknown}
 v - 2 potions of restore abilities {unknown}
 w - a potion of might {unknown}
 B - a potion of brilliance {unknown}
 C - a potion of mutation {unknown}
 E - a potion of cure mutation {unknown}
Books
 c - a book of Battle

   Spells                             Type                      Level
   *Infusion                          Charms                       1
   *Shroud of Golubria                Charms/Translocation         2
   *Song of Slaying                   Charms                       2
   Spectral Weapon                    Hexes/Charms                 3
   Regeneration                       Charms/Necromancy            3
 r - a book of Frost

   Spells                             Type                      Level
   Freeze                             Ice                          1
   Throw Frost                        Conjuration/Ice              2
   Ozocubu's Armour                   Charms/Ice                   3
   Throw Icicle                       Conjuration/Ice              4
   Summon Ice Beast                   Ice/Summoning                4
   Condensation Shield                Ice                          4


   Skills:
 - Level 1.7 Fighting
 * Level 6.5 Maces & Flails
 - Level 0.7 Armour
 - Level 0.7 Dodging
 - Level 2.1 Spellcasting
 + Level 5.5 Charms


You had 5 spell levels left.
You knew the following spells:

 Your Spells              Type           Power        Failure   Level  Hunger
a - Infusion              Chrm           ##....       2%          1    ##.....
b - Song of Slaying       Chrm           ##......     4%          2    ###....
c - Shroud of Golubria    Chrm/Tloc      #.........   14%         2    ###....


Dungeon Overview and Level Annotations

Branches:
Dungeon (5/16)
 Temple: D:4-7

Altars:
Kikubaaqudgha
Makhleb
Okawaru
Vehumet
Yredelemnul
The Shining One

Shops:
D:5 }


Innate Abilities, Weirdness & Mutations

You have extremely sharp teeth.
You heal very quickly.
When hurt, damage is shared between your health and your magic reserves.
Your bite disrupts and absorbs the magic of your enemies.
Potions and wands cannot restore your HP.


Message History

The troll closely misses you.
You hit the troll. Your bite misses the troll.
The troll is moderately wounded.
Your shroud begins to fray at the edges.
Your shroud bends the troll's attack away.
The troll claws you!
You closely miss the troll.
The troll is moderately wounded.
The troll bites you! The troll claws you!
Your shroud falls apart!
The troll barely misses you.
You are too injured to fight recklessly!
You are too injured to fight recklessly!
You are too injured to fight recklessly!
You hit the troll.
The troll is moderately wounded.
The troll closely misses you. The troll claws you!
* * * LOW HITPOINT WARNING * * *
The troll claws you!
You die...

##.## #.# #.# ##+## ##
##...## .## ##.....##
..## ##.......## .
...####.........####....#
......'.........@T......#
...####.........####....#
..## ##.......## . .##
##.....## .# ##...## ##
##+##


You could see a troll.

Vanquished Creatures
  The ghost of Restia the Ruffian, an average VSMo (D:3)
  2 ogres
  A phantom (D:5)
  A crimson imp (D:5)
  A hound (D:4)
  An iguana (D:5)
  2 scorpions (D:4)
  An orc wizard (D:3)
  3 worker ants
  6 adders
  A giant mite (D:5)
  2 worms
  5 giant geckos
  An ooze (D:2)
  4 orcs
  7 bats
  6 giant cockroaches
  13 goblins
  3 hobgoblins
  A quokka (D:5)
  A giant newt (D:4)
  A goblin skeleton (D:4)
  12 kobolds
  13 rats
89 creatures vanquished.

Notes
Turn   | Place    | Note
--------------------------------------------------------------
     0 | D:1      | Kae, the Vine Stalker Skald, began the quest for the Orb.
     0 | D:1      | Reached XP level 1. HP: 11/11 MP: 3/3
   103 | D:1      | Reached XP level 2. HP: 5/15 MP: 1/5
   548 | D:2      | Reached XP level 3. HP: 10/18 MP: 5/7
  1148 | D:2      | Reached XP level 4. HP: 23/23 MP: 8/8
  1221 | D:2      | Learned a level 2 spell: Song of Slaying
  1224 | D:2      | Learned a level 2 spell: Shroud of Golubria
  1600 | D:3      | Found an ancient bone altar of Kikubaaqudgha.
  2080 | D:3      | Reached skill level 4 in Maces & Flails
  2080 | D:3      | Reached XP level 5. HP: 19/26 MP: 8/11
  2098 | D:3      | Noticed Restia's ghost (average VSMo)
  2206 | D:3      | Killed Restia's ghost
  2206 | D:3      | Gained mutation: You heal very quickly. [vine stalker growth]
  2206 | D:3      | Reached XP level 6. HP: 25/30 MP: 5/12
  2355 | D:3      | Found a glowing golden altar of the Shining One.
  2415 | D:3      | Reached skill level 5 in Maces & Flails
  2909 | D:4      | Reached XP level 7. HP: 28/34 MP: 14/14
  2942 | D:4      | Found a basalt altar of Yredelemnul.
  3162 | D:4      | Reached skill level 5 in Charms
  3237 | D:4      | Reached skill level 6 in Maces & Flails
  3260 | D:5      | Entered Level 5 of the Dungeon
  3280 | D:5      | Found an iron altar of Okawaru.
  3346 | D:5      | Found a radiant altar of Vehumet.
  3383 | D:5      | Became a worshipper of Warmaster Okawaru
  3472 | D:5      | Found a burning altar of Makhleb.
  3746 | D:5      | Found Dietoej's Gadget Shoppe.
  3933 | D:5      | Noticed a troll
  3943 | D:5      | Slain by a troll

Action                   |  1- 3 |  4- 6 |  7- 9 || total
-------------------------+-------+-------+-------++-------
Melee: Mace              |    89 |   139 |    67 ||   295
 Cast: Infusion          |       |     3 |     4 ||     7
       Shroud of Golubri |       |     3 |     2 ||     5
  Use: Scroll            |       |       |     3 ||     3
 Stab: Sleeping          |       |       |     1 ||     1
